 Dungeon Crawl Stone Soup version 0.29.0-15-g675c0067aa (webtiles) character file.

Game seed: 6323341810666666399

145781 qw the Peltast (level 16, -6/157 HPs)
             Began as a Minotaur Berserker on Sept 12, 2022.
             Was an Elder of Trog.
             Mangled by a merfolk impaler
             ... wielding a +2 vorpal trident
              (12 damage)
             ... on level 4 of the Shoals.
             The game lasted 00:12:14 (37801 turns).

qw the Peltast (Minotaur Berserker)                Turns: 37801, Time: 00:12:14

Health: -6/157     AC: 24    Str: 34    XL:     16   Next: 88%
Magic:  15/15      EV: 13    Int:  1    God:    Trog [****..]
Gold:   383        SH: 20    Dex:  9    Spells: 15/15 levels left

rFire   + + .      SeeInvis +   n - +3 broad axe (drain)
rCold   + + .      Faith    .   e - +0 tower shield
rNeg    . . .      Spirit   .   g - +0 plate armour
rPois   +          Reflect  .   c - +2 hat {Stlth+}
rElec   .          Harm     .   j - scarf {rC+ rF+}
rCorr   .          Rampage  .   s - +2 pair of gloves
Will    +....                   w - +0 pair of boots
Stlth   ..........              q - amulet of the acrobat
HPRegen 1.36/turn               y - ring "Inunoyr" {rPois rF+ rC+ SInv Stlth+}
MPRegen 0.14/turn               h - +4 ring of evasion

@: lit by a corona, about to teleport, weak-willed, afraid, engulfed (cannot
breathe), strong-willed, on berserk cooldown, regenerating, glowing, very slow
A: horns 2, retaliatory headbutt, dopey 1, strong 1
a: Renounce Religion, Berserk, Trog's Hand, Brothers in Arms


You were on level 4 of the Shoals.
You worshipped Trog.
Trog was greatly pleased with you.
You visited 5 branches of the dungeon, and saw 29 of its levels.

You collected 2823 gold pieces.
You spent 2440 gold pieces at shops.


Innate Abilities, Weirdness & Mutations

You have a pair of horns on your head.
You reflexively headbutt those who attack you in melee.
You are dopey. (Int -2)
Your muscles are strong. (Str +4, Int/Dex -1)


   Skills:
 - Level 18.0 Fighting
 - Level 18.0 Axes
 - Level 7.1 Throwing
 + Level 15.2 Armour
 - Level 7.0 Dodging
 - Level 19.9 Shields


You had 15 spell levels left.
You didn't know any spells.
Your spell library was empty.

Inventory:

Hand Weapons
 n - a +3 broad axe of draining (weapon)
 u - a +0 demon whip of venom
Missiles
 l - 8 boomerangs (quivered)
Armour
 c - a +2 hat of stealth (worn)
 e - a +0 tower shield (worn)
 g - a +0 plate armour (worn)
 j - a scarf of resistance (worn)
 s - a +2 pair of gloves (worn)
 v - a +0 cloak
 w - a +0 pair of boots (worn)
Jewellery
 h - a +4 ring of evasion (right hand)
 k - an amulet of regeneration
 p - the ring of Ruitty {rN+ rCorr EV+4 Dex-5}
   (You bought it in a shop on level 2 of the Orcish Mines)

   [ring of evasion]

   EV:        It affects your evasion (+4).
   Dex:       It affects your dexterity (-5).
   rN:        It protects you from negative energy.
   rCorr:     It protects you from acid and corrosion.
 q - an amulet of the acrobat (around neck)
 t - a ring of poison resistance
 y - the ring "Inunoyr" (left hand) {rPois rF+ rC+ SInv Stlth+}
   (You acquired it on level 3 of the Lair of Beasts)

   [ring of see invisible]

   rF:        It protects you from fire.
   rC:        It protects you from cold.
   rPois:     It protects you from poison.
   SInv:      It lets you see invisible.
   Stlth:     It makes you more stealthy.
 z - a ring of protection from fire
 Y - a +6 ring of dexterity
Wands
 x - a wand of digging (3)
Scrolls
 a - 9 scrolls of teleportation
 f - 21 scrolls of identify
Potions
 b - 3 potions of heal wounds
 d - 8 potions of curing
 i - 3 potions of mutation
 m - 6 potions of might
 o - 3 potions of resistance
 r - 4 potions of haste

Dungeon Overview and Level Annotations

Branches:
Dungeon (15/15)            Temple (0/1) D:5            Lair (5/5) D:11
 Shoals (4/4) Lair:2        Snake (3/4) Lair:3        Slime (0/5) Lair:4
    Orc (2/2) D:11            Elf (0/3) Orc:2        Vaults (0/5) D:14
 Depths (0/4) D:15

Altars:
Ashenzari
Dithmenos
Gozag
Makhleb
Qazlal
Sif Muna
Uskayaw
Vehumet
Wu Jian
Xom
Yredelemnul
Zin
The Shining One
Lugonu

Shops:
D:10 *   D:11 [   Orc:1 ?**   Orc:2 =![?*   Shoals:3 *

Portals:
Hell: Lair:5
Abyss: Shoals:3

Annotations:
Lair:5 2 runed translucent doors, qw's ghost, journeyman TrCA
Shoals:3 1 runed translucent door
Orc:2 2 transporters, qw's ghost, journeyman MiBe


Message History

You feel strong-willed. You block the merfolk's attack.
The merfolk throws a boomerang.
You block the boomerang.
The merfolk hits you but does no damage.
You block the merfolk impaler's attack.
The merfolk hits you but does no damage.
Your two-headed ogre rages.
The merfolk misses you. You block the dream sheep's attack.
The water elemental completely misses you.
You furiously retaliate!
You headbutt the water elemental! The merfolk impaler closely misses you.
You block the water elemental's attack.
The merfolk javelineer throws a silver javelin.
The silver javelin closely misses you.
The silver javelin completely misses the water nymph.
The silver javelin pierces through the cyclops!!
The water nymph touches you. The water nymph drowns you!
The merfolk hits you but does no damage.
37801 ||| READING 10 scrolls of teleportation.
As you read the scroll of teleportation, it crumbles to dust.
You feel strangely unstable.
A nearby plant withers and dies.
You block the merfolk's attack. The merfolk barely misses you.
You block the merfolk's attack. The merfolk closely misses you.
You block the merfolk's attack.
The merfolk impaler hits you from afar with a +2 vorpal trident.
The water elemental hits you.
The water elemental engulfs you in water!
The dream sheep splashes around in the water.
The wind drake flaps its wings at you. The air twists around and strikes you.
The water elemental barely misses you.
The merfolk javelineer throws a silver javelin.
The silver javelin misses you.
The silver javelin misses the water nymph.
The silver javelin pierces through the cyclops!!
The cyclops dies!
You hear a splash.
The silver javelin completely misses the wind drake.
The water nymph touches you. The water nymph drowns you!
The merfolk hits you from afar with a +0 trident.
The merfolk impaler hits you from afar with a +2 vorpal trident!
You die...

#P~~~~~~. #~~~~~~~~~~~~~~~
PPP~~..$#.~~~~~~~~~~~~~~~~
....
~P.....##.~~~~~~~~~~~~~~~
~...
~~P##....#..~~~~~~~~~~~~~~
~~~~
~~...m(......~~~~~~~~~~~~~
~~~~
~~~.PP.~~O...~~~~~~~~~~~~~
~~~~
.~~....cmmcm.~~~~~~~~~~~~~
~~~~
.~.~..m~YEEm.~~~~~~~~~~~~~
~~~~
~~~~~..k(m@m.~~~~~~~~~~~~~
~~~~
~~~~~~..mmY...~~~~~~~~~~~~
~~~~
~~~~~~~.m...m.~~~~~~~~~~~~
~~~~
~~~~~~~....%.~~~~~~~~~~~~~
~~~~
~~~~~~~..^.~~~~~~~~~~~~~
~~~~ ~~~~~~~~..~~~~~~~~~m
~~~~ ~~~~~~~~~~~~~~~~~~~
~~~~ ~~~~~~~~~~~~~~~~~~
~~~~ ~~~~~~~~PP~~~~~~


You could see a merfolk impaler, 2 merfolk javelineers, a satyr (scary,
drained), a wind drake (repels missiles, drained), 8 merfolk, a faun (strong), 2
water elementals, a water nymph, 2 dream sheep and a friendly two-headed ogre
(summoned, berserk).

Vanquished Creatures
  A kraken (Shoals:3)
  Polyphemus (Shoals:2)
  A fire giant (D:15)
  A merfolk javelineer (Shoals:2)
  Snorg (Lair:5)
  2 merfolk impalers
  2 salamander tyrants (Snake:3)
  4 vault guards (D:14)
  6 hydras
  4 boulder beetles
  Erica (D:9)
  3 two-headed ogres
  2 merfolk avatars
  4 naga warriors
  2 catoblepae
  3 centaur warriors
  11 anacondas
  2 satyrs
  3 tengu warriors
  7 death yaks
  2 naga sharpshooters
  3 orc high priests (Orc:2)
  2 shock serpents
  Sonja (Orc:2)
  2 salamander mystics
  A sixfirhy (Lair:5)
  Amaemon (Lair:1)
  Nergalle (Lair:1)
  3 skeletal warriors (D:15)
  10 sea snakes
  A death drake (shapeshifter) (D:13)
  A wizard (Lair:5)
  3 harpies (Shoals:2)
  An orc knight (Orc:2)
  A naga ritualist (Snake:2)
  Pikel (D:5)
  A lindwurm (Lair:3)
  5 cyclopes
  4 deep elf pyromancers
  An oklob plant (Lair:4)
  5 mana vipers
  An orc sorcerer (Orc:2)
  7 ugly things
  A salamander (shapeshifter) (D:14)
  7 salamanders
  11 fauns
  Maurice (Orc:2)
  10 manticores
  6 elephants
  A black mamba (shapeshifter) (D:15)
  23 black mambas
  4 water nymphs
  7 naga magi
  3 apocalypse crabs (Shoals:3)
  5 merfolk sirens
  5 orange demons
  A gargoyle (D:12)
  Maggie (D:8)
  An ice statue (Shoals:2)
  14 cane toads
  6 rime drakes
  5 yaktaurs (D:15)
  2 efreet
  13 komodo dragons
  A kobold demonologist (D:7)
  A red devil (Lair:5)
  2 hellwings
  A freezing wraith (D:14)
  2 tengu conjurers (D:15)
  3 ice devils (Lair:5)
  4 wind drakes
  6 trolls
  13 slime creatures
  11 merfolk
  A hornet (D:7)
  Prince Ribbit (D:9)
  16 blink frogs
  3 dream sheep
  9 snapping turtles
  3 vampires
  A centaur simulacrum (D:14)
  A water elemental (Shoals:1)
  2 wraiths (D:11)
  Eustachio (D:5)
  A ynoxinul (D:10)
  A shadow (D:11)
  3 wyverns
  A chaos spawn (D:10)
  31 yaks
  4 basilisks
  9 vampire mosquitoes
  A basilisk (shapeshifter) (D:13)
  2 steam dragons
  6 wargs
  15 nagas
  16 water moccasins
  3 hell hounds (Lair:5)
  3 acid dragons
  14 orc warriors
  2 ice beasts
  8 ogres
  7 centaurs
  5 wolves
  2 lemures (D:5)
  2 kobold brigands (D:9)
  11 bullfrogs
  A gnoll sergeant (D:10)
  A necrophage (D:4)
  4 scorpions
  5 wights (D:10)
  8 killer bees
  14 howler monkeys
  An electric eel (Lair:5)
  A quasit (D:10)
  A lava snake (D:9)
  2 jellies
  17 orc priests
  6 hounds
  6 gnoll boudas
  An iguana (D:5)
  29 orc wizards
  A hell rat (Lair:5)
  21 gnolls
  8 adders
  2 shadow imps
  2 white imps (D:7)
  2 worms (D:2)
  63 orcs
  5 bats
  6 endoplasms
  4 giant cockroaches
  12 hobgoblins
  3 jackals (D:3)
  17 kobolds
  4 quokkas
  6 ball pythons
  4 frilled lizards
  10 goblins
  A rat (D:1)
  4 tentacles (Shoals:3)
747 creatures vanquished.

Vanquished Creatures (collateral kills)
  A hydra (Lair:4)
  An anaconda (Snake:3)
  An orc high priest (Orc:2)
  3 salamanders (Snake:3)
  A manticore (Shoals:4)
  2 black mambas (Snake:3)
  A cane toad (Lair:4)
  2 naga magi (Snake:3)
  A dream sheep (Shoals:4)
  A basilisk (Lair:5)
  3 nagas (Snake:3)
  An orc warrior (Orc:2)
  5 orc priests (Orc:2)
  An orc wizard (Orc:2)
  An orc (Orc:2)
25 creatures vanquished.

Vanquished Creatures (others)
  A harpy (Shoals:4)
  2 cyclopes (Shoals:4)
  A naga (Snake:3)
  6 demonic plants (D:10)
  15 fungi
  140 plants
  8 tentacles (Shoals:3)
173 creatures vanquished.

Grand Total: 945 creatures vanquished

Notes
Turn   | Place    | Note
-------+----------+-------------------------------------------
     0 | D:1      | qw the Minotaur Berserker began the quest for the Orb.
     0 | D:1      | Reached XP level 1. HP: 19/19 MP: 0/0
     0 | D:1      | 0 ||| qw: Version: 0.1-a-119-g272c26d
     0 | D:1      | 0 ||| qw: Game counter: 10939
     0 | D:1      | 0 ||| qw: Always use a shield: true
     0 | D:1      | 0 ||| qw: Do Orc after D:15 true
     0 | D:1      | 0 ||| qw: Do second Lair branch before Depths: true
     0 | D:1      | 0 ||| qw: Lair rune preference: random
     0 | D:1      | 0 ||| qw: Plans: Normal
     0 | D:1      | 0 ||| PLANNING D:1-11
   249 | D:1      | 249 ||| Stepping ~*~*~tactically~*~*~ (stealth).
   250 | D:1      | 250 ||| Stepping ~*~*~tactically~*~*~ (stealth).
   260 | D:1      | 260 ||| Stepping ~*~*~tactically~*~*~ (stealth).
   261 | D:1      | 261 ||| Stepping ~*~*~tactically~*~*~ (stealth).
   264 | D:1      | 264 ||| Stepping ~*~*~tactically~*~*~ (stealth).
   269 | D:1      | 269 ||| Stepping ~*~*~tactically~*~*~ (stealth).
   274 | D:1      | 274 ||| Stepping ~*~*~tactically~*~*~ (stealth).
   275 | D:1      | 275 ||| Stepping ~*~*~tactically~*~*~ (stealth).
   278 | D:1      | 278 ||| Stepping ~*~*~tactically~*~*~ (stealth).
   279 | D:1      | 279 ||| Stepping ~*~*~tactically~*~*~ (stealth).
   282 | D:1      | 282 ||| Stepping ~*~*~tactically~*~*~ (stealth).
   298 | D:1      | Reached XP level 2. HP: 23/26 MP: 1/1
   736 | D:1      | 736 ||| Stepping ~*~*~tactically~*~*~ (stealth).
   986 | D:1      | Reached XP level 3. HP: 28/31 MP: 2/2
  1014 | D:1      | 1014 ||| DROPPING +0 club.
  1107 | D:1      | 1107 ||| UPGRADING to +0 ring mail.
  1117 | D:1      | 1117 ||| DROPPING +0 animal skin.
  1118 | D:1      | 1118 ||| UPGRADING to +0 plate armour.
  1128 | D:1      | 1128 ||| DROPPING +0 ring mail.
  1129 | D:1      | 1129 ||| READING 2 scrolls labelled XOATOL IPT.
  1133 | D:1      | 1133 ||| DRINKING 2 orange potions.
  1134 | D:1      | 1134 ||| DROPPING potion of invisibility.
  1465 | D:2      | 1465 ||| Stepping ~*~*~tactically~*~*~ (stealth).
  1467 | D:2      | 1467 ||| FLEEEEING.
  1478 | D:2      | Reached ** piety under Trog
  1479 | D:2      | 1479 ||| INVOKING Berserk.
  1484 | D:2      | Reached skill level 6 in Axes
  1484 | D:2      | Reached XP level 4. HP: 39/39 MP: 3/3
  1524 | D:2      | 1524 ||| INVOKING Berserk.
  1663 | D:2      | 1663 ||| SWAPPING to +0 war axe.
  1664 | D:2      | 1664 ||| DROPPING +0 hand axe.
  1666 | D:2      | 1666 ||| Stepping ~*~*~tactically~*~*~ (stealth).
  1720 | D:2      | 1720 ||| Stepping ~*~*~tactically~*~*~ (stealth).
  1722 | D:2      | 1722 ||| Stepping ~*~*~tactically~*~*~ (stealth).
  1723 | D:2      | 1723 ||| Stepping ~*~*~tactically~*~*~ (stealth).
  2047 | D:2      | 2047 ||| Stepping ~*~*~tactically~*~*~ (stealth).
  2056 | D:2      | Reached XP level 5. HP: 42/45 MP: 4/4
  2247 | D:2      | 2247 ||| Stepping ~*~*~tactically~*~*~ (stealth).
  2248 | D:2      | 2248 ||| Stepping ~*~*~tactically~*~*~ (stealth).
  2430 | D:2      | 2430 ||| READING scroll labelled LEASOOL BUVIRO.
  2431 | D:2      | 2431 ||| READING scroll labelled URORCH QURONLEA.
  2432 | D:2      | 2432 ||| READING 2 scrolls labelled MUMIDE YDGHOUBI.
  2473 | D:3      | 2473 ||| STAIRDANCE
  2649 | D:3      | 2649 ||| Stepping ~*~*~tactically~*~*~ (stealth).
  2748 | D:3      | 2748 ||| INVOKING Berserk.
  2768 | D:3      | 2768 ||| Stepping ~*~*~tactically~*~*~ (stealth).
  2769 | D:3      | 2769 ||| Stepping ~*~*~tactically~*~*~ (stealth).
  2775 | D:3      | 2775 ||| Stepping ~*~*~tactically~*~*~ (stealth).
  2779 | D:3      | 2779 ||| Stepping ~*~*~tactically~*~*~ (stealth).
  2806 | D:3      | 2806 ||| DROPPING +0 whip.
  2979 | D:3      | 2979 ||| Stepping ~*~*~tactically~*~*~ (stealth).
  2985 | D:3      | 2985 ||| Stepping ~*~*~tactically~*~*~ (stealth).
  3102 | D:3      | Found a glowing golden altar of the Shining One.
  3458 | D:3      | 3458 ||| READING scroll labelled DEYHOFEOFE.
  3459 | D:3      | 3459 ||| READING scroll labelled ZUNOF XAODAAP.
  3460 | D:3      | 3460 ||| READING scroll labelled LIERUS HINEUK.
  3461 | D:3      | 3461 ||| DRINKING 2 green potions.
  3497 | D:4      | 3497 ||| STAIRDANCE
  3501 | D:3      | 3501 ||| INVOKING Berserk.
  3503 | D:3      | Reached skill level 3 in Armour
  3705 | D:4      | 3705 ||| STAIRDANCE
  3732 | D:4      | 3732 ||| STAIRDANCE
  3734 | D:3      | 3734 ||| INVOKING Berserk.
  3860 | D:4      | Reached XP level 6. HP: 29/51 MP: 5/5
  3860 | D:4      | 3860 ||| STAIRDANCE
  3991 | D:4      | 3991 ||| Stepping ~*~*~tactically~*~*~ (stealth).
  4019 | D:4      | 4019 ||| FLEEEEING.
  4020 | D:4      | 4020 ||| FLEEEEING.
  4021 | D:4      | 4021 ||| STAIRDANCE
  4092 | D:4      | 4092 ||| FLEEEEING.
  4093 | D:4      | 4093 ||| FLEEEEING.
  4094 | D:4      | 4094 ||| FLEEEEING.
  4095 | D:4      | 4095 ||| FLEEEEING.
  4096 | D:4      | 4096 ||| FLEEEEING.
  4099 | D:4      | 4099 ||| STAIRDANCE
  4533 | D:4      | 4533 ||| Stepping ~*~*~tactically~*~*~ (stealth).
  4547 | D:4      | 4547 ||| Stepping ~*~*~tactically~*~*~ (stealth).
  4549 | D:4      | 4549 ||| Stepping ~*~*~tactically~*~*~ (stealth).
  4552 | D:4      | 4552 ||| Stepping ~*~*~tactically~*~*~ (stealth).
  4567 | D:4      | 4567 ||| Stepping ~*~*~tactically~*~*~ (stealth).
  4598 | D:4      | 4598 ||| Stepping ~*~*~tactically~*~*~ (hiding).
  4602 | D:4      | 4602 ||| INVOKING Berserk.
  4608 | D:4      | Reached skill level 9 in Axes
  4887 | D:4      | 4887 ||| READING scroll labelled HAIPTU JUEG.
  4888 | D:4      | 4888 ||| READING scroll labelled IFULUL ARYXIF.
  4888 | D:4      | Identified a scroll of acquirement
  4888 | D:4      | 4888 ||| ACQUIRING +1 hat of stealth
  4888 | D:4      | Acquired a +1 hat of stealth
  4890 | D:4      | 4890 ||| UPGRADING to +1 hat of stealth.
  4895 | D:4      | 4895 ||| READING scroll labelled TAH JEAMIENIFI.
  4996 | D:4      | 4996 ||| DRINKING 2 lumpy coppery potions.
  4997 | D:4      | 4997 ||| READING 2 scrolls of identify.
  4997 | D:4      | 4997 ||| IDENTIFYING grey potion
  5022 | D:5      | Entered Level 5 of the Dungeon
  5117 | D:5      | 5117 ||| INVOKING Berserk.
  5121 | D:5      | Reached XP level 7. HP: 61/61 MP: 6/6
  5256 | D:5      | Noticed Pikel
  5259 | D:5      | 5259 ||| INVOKING Berserk.
  5269 | D:5      | Killed Pikel
  5270 | D:5      | Reached XP level 8. HP: 68/68 MP: 7/7
  5691 | D:5      | Noticed Eustachio
  5692 | D:5      | 5692 ||| INVOKING Berserk.
  5703 | D:5      | Killed Eustachio
  5890 | D:5      | 5890 ||| INVOKING Berserk.
  5903 | D:5      | Reached skill level 6 in Fighting
  6181 | D:5      | Found a staircase to the Ecumenical Temple.
  6487 | D:5      | 6487 ||| INVOKING Berserk.
  6496 | D:5      | 6496 ||| Stepping ~*~*~tactically~*~*~ (hiding).
  6724 | D:6      | 6724 ||| INVOKING Berserk.
  6855 | D:6      | 6855 ||| Stepping ~*~*~tactically~*~*~ (stealth).
  6859 | D:6      | 6859 ||| Stepping ~*~*~tactically~*~*~ (stealth).
  6932 | D:6      | Reached skill level 12 in Axes
  6995 | D:6      | 6995 ||| Stepping ~*~*~tactically~*~*~ (stealth).
  6997 | D:6      | 6997 ||| Stepping ~*~*~tactically~*~*~ (stealth).
  7041 | D:6      | 7041 ||| Stepping ~*~*~tactically~*~*~ (stealth).
  7058 | D:6      | Reached XP level 9. HP: 70/78 MP: 8/8
  7100 | D:6      | 7100 ||| Stepping ~*~*~tactically~*~*~ (stealth).
  7101 | D:6      | 7101 ||| Stepping ~*~*~tactically~*~*~ (stealth).
  7107 | D:6      | Reached *** piety under Trog
  7327 | D:6      | 7327 ||| READING scroll labelled XEOTOIHAIS.
  7328 | D:6      | 7328 ||| INVOKING Berserk.
  8006 | D:6      | 8006 ||| UPGRADING to +0 buckler.
  8011 | D:6      | 8011 ||| READING 2 scrolls of identify.
  8011 | D:6      | 8011 ||| IDENTIFYING fizzy amethyst potion
  8012 | D:6      | 8012 ||| DROPPING potion of berserk rage.
  8053 | D:7      | Reached skill level 2 in Shields
  8103 | D:7      | 8103 ||| Stepping ~*~*~tactically~*~*~ (hiding).
  8105 | D:7      | 8105 ||| Stepping ~*~*~tactically~*~*~ (hiding).
  8108 | D:7      | 8108 ||| INVOKING Berserk.
  8112 | D:7      | Reached skill level 3 in Shields
  8119 | D:7      | Reached skill level 4 in Shields
  8433 | D:7      | Found a basalt altar of Yredelemnul.
  8433 | D:7      | Found a shimmering altar of Xom.
  8433 | D:7      | Found a stormy altar of Qazlal.
  8436 | D:7      | Found a hide-covered altar of Uskayaw.
  8439 | D:7      | Found a shadowy altar of Dithmenos.
  8442 | D:7      | Found a glowing silver altar of Zin.
  8443 | D:7      | Found an ornate altar of the Wu Jian Council.
  8445 | D:7      | Found a broken altar of Ashenzari.
  8449 | D:7      | Found an opulent altar of Gozag.
  8451 | D:7      | Found a burning altar of Makhleb.
  8456 | D:7      | 8456 ||| INVOKING Berserk.
  8606 | D:7      | Noticed a cyan ugly thing
  8607 | D:7      | 8607 ||| Stepping ~*~*~tactically~*~*~ (stealth).
  8610 | D:7      | Noticed a cyclops
  8611 | D:7      | 8611 ||| Stepping ~*~*~tactically~*~*~ (stealth).
  8614 | D:7      | 8614 ||| INVOKING Berserk.
  8616 | D:7      | HP: 18/118 [cyan ugly thing (16)]
  8617 | D:7      | Killed a cyan ugly thing
  8618 | D:7      | Noticed a kobold demonologist
  8624 | D:7      | Killed a cyclops
  8630 | D:7      | HP: 19/118 [kobold demonologist/+0 dagger (1)]
  8632 | D:7      | Killed a kobold demonologist
  8633 | D:7      | Reached skill level 5 in Shields
  8633 | D:7      | Reached XP level 10. HP: 21/86 MP: 9/9
  8709 | D:7      | 8709 ||| FLEEEEING.
  8715 | D:7      | 8715 ||| FLEEEEING.
  8716 | D:7      | 8716 ||| FLEEEEING.
  8722 | D:7      | 8722 ||| FLEEEEING.
  8723 | D:7      | 8723 ||| FLEEEEING.
  8724 | D:7      | 8724 ||| FLEEEEING.
  8725 | D:7      | 8725 ||| FLEEEEING.
  8726 | D:7      | 8726 ||| FLEEEEING.
  8727 | D:7      | 8727 ||| FLEEEEING.
  8728 | D:7      | 8728 ||| FLEEEEING.
  8729 | D:7      | 8729 ||| FLEEEEING.
  8730 | D:7      | 8730 ||| FLEEEEING.
  8736 | D:7      | 8736 ||| FLEEEEING.
  8737 | D:7      | 8737 ||| FLEEEEING.
  8738 | D:7      | 8738 ||| FLEEEEING.
  8739 | D:7      | 8739 ||| FLEEEEING.
  8750 | D:7      | 8750 ||| FLEEEEING.
  8764 | D:7      | 8764 ||| Stepping ~*~*~tactically~*~*~ (hiding).
  8766 | D:7      | 8766 ||| INVOKING Berserk.
  9202 | D:7      | 9202 ||| Stepping ~*~*~tactically~*~*~ (stealth).
  9203 | D:7      | 9203 ||| Stepping ~*~*~tactically~*~*~ (stealth).
  9332 | D:7      | 9332 ||| READING scroll labelled DUDOAH GAIXTIK.
  9333 | D:7      | 9333 ||| DRINKING 2 fizzy blue potions.
  9333 | D:7      | Gained mutation: You are frail. (-10% HP) [potion of
                  | mutation]
  9333 | D:7      | Gained mutation: Your flesh is cold resistant. (rC+)
                  | [potion of mutation]
  9334 | D:7      | 9334 ||| DRINKING potion of mutation.
  9334 | D:7      | Lost mutation: You are frail. (-10% HP) [potion of
                  | mutation]
  9334 | D:7      | Lost mutation: Your flesh is cold resistant. (rC+) [potion
                  | of mutation]
  9334 | D:7      | Gained mutation: You are dopey. (Int -2) [potion of
                  | mutation]
  9334 | D:7      | Gained mutation: Your muscles are strong. (Str +4, Int/Dex
                  | -1) [potion of mutation]
  9372 | D:7      | 9372 ||| READING 4 scrolls of identify.
  9372 | D:7      | 9372 ||| IDENTIFYING lumpy clear potion
  9373 | D:7      | 9373 ||| READING 3 scrolls of identify.
  9373 | D:7      | 9373 ||| IDENTIFYING smoky coppery potion
  9374 | D:7      | 9374 ||| READING 2 scrolls of identify.
  9374 | D:7      | 9374 ||| IDENTIFYING sedimented emerald potion
  9375 | D:7      | 9375 ||| DROPPING potion of flight.
  9376 | D:7      | 9376 ||| DROPPING potion of brilliance.
  9377 | D:7      | 9377 ||| DROPPING potion of degeneration.
  9427 | D:8      | 9427 ||| STAIRDANCE
  9614 | D:8      | 9614 ||| STAIRDANCE
  9714 | D:8      | 9714 ||| Stepping ~*~*~tactically~*~*~ (hiding).
  9715 | D:8      | 9715 ||| Stepping ~*~*~tactically~*~*~ (hiding).
  9716 | D:8      | 9716 ||| INVOKING Berserk.
  9868 | D:8      | 9868 ||| SWAPPING to +2 war axe of electrocution.
  9869 | D:8      | 9869 ||| DROPPING +0 war axe of electrocution.
  9902 | D:8      | 9902 ||| Stepping ~*~*~tactically~*~*~ (hiding).
  9911 | D:8      | 9911 ||| FLEEEEING.
  9912 | D:8      | 9912 ||| FLEEEEING.
  9913 | D:8      | 9913 ||| FLEEEEING.
  9914 | D:8      | 9914 ||| FLEEEEING.
  9915 | D:8      | 9915 ||| FLEEEEING.
  9916 | D:8      | 9916 ||| FLEEEEING.
  9917 | D:8      | 9917 ||| FLEEEEING.
  9924 | D:8      | 9924 ||| FLEEEEING.
  9925 | D:8      | 9925 ||| FLEEEEING.
  9926 | D:8      | 9926 ||| FLEEEEING.
  9927 | D:8      | 9927 ||| FLEEEEING.
  9928 | D:8      | 9928 ||| FLEEEEING.
  9929 | D:8      | 9929 ||| FLEEEEING.
  9930 | D:8      | 9930 ||| FLEEEEING.
  9939 | D:8      | Reached skill level 6 in Armour
 10491 | D:8      | 10491 ||| Stepping ~*~*~tactically~*~*~ (hiding).
 10612 | D:8      | 10612 ||| INVOKING Berserk.
 10852 | D:8      | Noticed Maggie
 10859 | D:8      | 10859 ||| INVOKING Berserk.
 10862 | D:8      | Killed Maggie
 11193 | D:8      | Reached **** piety under Trog
 11228 | D:8      | 11228 ||| DRINKING 3 potions of curing.
 11228 | D:8      | 11228 ||| (to cure confusion)
 11229 | D:8      | 11229 ||| Stepping ~*~*~tactically~*~*~ (hiding).
 11234 | D:8      | 11234 ||| Stepping ~*~*~tactically~*~*~ (hiding).
 11238 | D:8      | 11238 ||| Stepping ~*~*~tactically~*~*~ (hiding).
 11239 | D:8      | 11239 ||| Stepping ~*~*~tactically~*~*~ (hiding).
 11240 | D:8      | 11240 ||| Stepping ~*~*~tactically~*~*~ (hiding).
 11428 | D:8      | 11428 ||| READING 2 scrolls of identify.
 11428 | D:8      | 11428 ||| IDENTIFYING blue potion
 11667 | D:9      | 11667 ||| Stepping ~*~*~tactically~*~*~ (stealth).
 11688 | D:9      | Noticed Erica
 11701 | D:9      | Killed Erica
 11702 | D:9      | Reached skill level 15 in Axes
 12094 | D:9      | Noticed Prince Ribbit
 12101 | D:9      | 12101 ||| READING scroll of brand weapon.
 12101 | D:9      | 12101 ||| BRANDING +2 war axe of electrocution.
 12195 | D:9      | Noticed a cyclops
 12197 | D:9      | 12197 ||| INVOKING Berserk.
 12202 | D:9      | Killed a cyclops
 12203 | D:9      | Reached skill level 9 in Fighting
 12295 | D:9      | Found a shimmering blue altar of Sif Muna.
 12316 | D:9      | Noticed a two-headed ogre
 12318 | D:9      | Noticed a two-headed ogre
 12319 | D:9      | 12319 ||| INVOKING Berserk.
 12324 | D:9      | Killed a two-headed ogre
 12325 | D:9      | Reached XP level 11. HP: 97/97 MP: 10/10
 12326 | D:9      | Killed a two-headed ogre
 12327 | D:9      | Reached skill level 3 in Dodging
 12548 | D:9      | 12548 ||| FLEEEEING.
 12549 | D:9      | 12549 ||| FLEEEEING.
 12550 | D:9      | 12550 ||| FLEEEEING.
 12551 | D:9      | 12551 ||| FLEEEEING.
 12696 | D:9      | Killed Prince Ribbit
 12697 | D:9      | 12697 ||| FLEEEEING.
 12699 | D:9      | 12699 ||| FLEEEEING.
 12700 | D:9      | 12700 ||| FLEEEEING.
 12701 | D:9      | 12701 ||| FLEEEEING.
 12702 | D:9      | 12702 ||| FLEEEEING.
 12703 | D:9      | 12703 ||| FLEEEEING.
 12704 | D:9      | 12704 ||| FLEEEEING.
 12705 | D:9      | 12705 ||| FLEEEEING.
 12706 | D:9      | 12706 ||| FLEEEEING.
 12707 | D:9      | 12707 ||| FLEEEEING.
 12708 | D:9      | 12708 ||| FLEEEEING.
 12709 | D:9      | 12709 ||| STAIRDANCE
 12745 | D:8      | 12745 ||| READING 2 scrolls of identify.
 12745 | D:8      | 12745 ||| IDENTIFYING sedimented purple potion
 12746 | D:8      | 12746 ||| DROPPING potion of lignification.
 12752 | D:9      | 12752 ||| STAIRDANCE
 12901 | D:9      | 12901 ||| INVOKING Brothers in Arms.
 12910 | D:9      | 12910 ||| INVOKING Brothers in Arms.
 12911 | D:9      | 12911 ||| Stepping ~*~*~tactically~*~*~ (cloud).
 12912 | D:9      | 12912 ||| INVOKING Brothers in Arms.
 12913 | D:9      | 12913 ||| INVOKING Brothers in Arms.
 12914 | D:9      | 12914 ||| INVOKING Berserk.
 12927 | D:9      | 12927 ||| READING 3 scrolls labelled KAPPIPS TOGOA.
 12928 | D:9      | 12928 ||| Stepping ~*~*~tactically~*~*~ (cloud).
 12929 | D:9      | 12929 ||| READING 2 scrolls of enchant weapon.
 12929 | D:9      | 12929 ||| ENCHANTING +3 war axe of protection.
 12930 | D:9      | 12930 ||| READING scroll of enchant weapon.
 12930 | D:9      | 12930 ||| ENCHANTING +4 war axe of protection.
 12931 | D:9      | HP: 22/97 [ice statue/bolt of cold (16)]
 12932 | D:9      | 12932 ||| READING 5 scrolls of teleportation.
 12933 | D:9      | 12933 ||| DRINKING 4 potions of heal wounds.
 12934 | D:9      | 12934 ||| Stepping ~*~*~tactically~*~*~ (cloud).
 13161 | D:10     | Entered Level 10 of the Dungeon
 13165 | D:10     | 13165 ||| READING scroll of acquirement.
 13165 | D:10     | 13165 ||| ACQUIRING +1 broad axe of draining
 13165 | D:10     | Acquired a +1 broad axe of draining
 13167 | D:10     | 13167 ||| SWAPPING to +1 broad axe of draining.
 13168 | D:10     | 13168 ||| DROPPING +5 war axe of protection.
 13177 | D:10     | 13177 ||| Stepping ~*~*~tactically~*~*~ (stealth).
 13179 | D:10     | 13179 ||| INVOKING Berserk.
 13294 | D:10     | 13294 ||| Stepping ~*~*~tactically~*~*~ (hiding).
 13311 | D:10     | 13311 ||| INVOKING Berserk.
 13323 | D:10     | Reached skill level 6 in Shields
 13328 | D:10     | HP: 36/145 [wight/+0 long sword (8)]
 13670 | D:10     | Noticed a two-headed ogre
 13671 | D:10     | 13671 ||| FLEEEEING.
 13672 | D:10     | 13672 ||| FLEEEEING.
 13674 | D:10     | 13674 ||| STAIRDANCE
 13812 | D:10     | 13812 ||| INVOKING Berserk.
 14032 | D:10     | 14032 ||| INVOKING Berserk.
 14034 | D:10     | Killed a two-headed ogre
 14112 | D:10     | 14112 ||| Stepping ~*~*~tactically~*~*~ (hiding).
 14115 | D:10     | 14115 ||| Stepping ~*~*~tactically~*~*~ (cloud).
 14116 | D:10     | 14116 ||| INVOKING Berserk.
 14164 | D:10     | Found Sierph's Assorted Antiques.
 14175 | D:10     | 14175 ||| BUYING scroll labelled SAYCRAL HOL (31 gold).
 14175 | D:10     | Bought a scroll labelled SAYCRAL HOL for 31 gold pieces
 14175 | D:10     | 14175 ||| BUYING scroll of teleportation (93 gold).
 14175 | D:10     | Bought a scroll of teleportation for 93 gold pieces
 14211 | D:10     | 14211 ||| Stepping ~*~*~tactically~*~*~ (stealth).
 14213 | D:10     | 14213 ||| Stepping ~*~*~tactically~*~*~ (hiding).
 14580 | D:10     | 14580 ||| UPGRADING to +6 ring of dexterity.
 14581 | D:10     | 14581 ||| UPGRADING to ring of poison resistance.
 14582 | D:10     | 14582 ||| DROPPING ring of flight.
 14583 | D:10     | 14583 ||| UPGRADING to ring of protection from cold.
 14585 | D:10     | 14585 ||| READING scroll labelled MORIPSEERE.
 14586 | D:10     | 14586 ||| READING scroll labelled SAYCRAL HOL.
 14587 | D:10     | 14587 ||| DRINKING 2 murky white potions.
 14611 | D:11     | 14611 ||| DRINKING 3 potions of curing.
 14611 | D:11     | 14611 ||| (to cure confusion)
 14676 | D:11     | Found a staircase to the Orcish Mines.
 14679 | D:11     | 14679 ||| INVOKING Berserk.
 14942 | D:11     | 14942 ||| INVOKING Berserk.
 15012 | D:11     | Found a staircase to the Lair.
 15070 | D:11     | Identified the +8 arbalest "Qecrorr" {penet, Contam rPois
                  | rF+ Dex+5}
 15110 | D:11     | Found Yxyptopo's Antique Armour Shop.
 15127 | D:11     | 15127 ||| BUYING runed chain mail (187 gold).
 15127 | D:11     | Bought a runed chain mail for 187 gold pieces
 15127 | D:11     | 15127 ||| SHOPLISTING runed plate armour (650 gold, have
                  | 232).
 15127 | D:11     | 15127 ||| SHOPLISTING shiny plate armour (650 gold, have
                  | 232).
 15188 | D:11     | 15188 ||| INVOKING Berserk.
 15336 | D:11     | 15336 ||| Stepping ~*~*~tactically~*~*~ (stealth).
 15598 | D:11     | 15598 ||| PLANNING LAIR
 15598 | D:11     | 15598 ||| DROPPING +2 chain mail of willpower.
 15599 | D:11     | 15599 ||| UPGRADING to +2 pair of gloves.
 15604 | D:11     | 15604 ||| UPGRADING to amulet of the acrobat.
 15619 | Lair:1   | Entered Level 1 of the Lair of Beasts
 15683 | Lair:1   | 15683 ||| INVOKING Berserk.
 15686 | Lair:1   | Reached XP level 12. HP: 106/106 MP: 11/11
 15812 | Lair:1   | 15812 ||| Stepping ~*~*~tactically~*~*~ (hiding).
 15855 | Lair:1   | Reached skill level 18 in Axes
 15886 | Lair:1   | 15886 ||| INVOKING Berserk.
 16091 | Lair:1   | Reached skill level 9 in Armour
 16142 | Lair:1   | 16142 ||| Stepping ~*~*~tactically~*~*~ (stealth).
 16143 | Lair:1   | 16143 ||| Stepping ~*~*~tactically~*~*~ (stealth).
 16144 | Lair:1   | 16144 ||| Stepping ~*~*~tactically~*~*~ (stealth).
 16165 | Lair:1   | 16165 ||| INVOKING Berserk.
 16168 | Lair:1   | Reached skill level 7 in Shields
 16177 | Lair:1   | HP: 26/106 [poisoned by a cane toad]
 16434 | Lair:1   | 16434 ||| Stepping ~*~*~tactically~*~*~ (stealth).
 16517 | Lair:1   | Noticed Nergalle
 16518 | Lair:1   | 16518 ||| Stepping ~*~*~tactically~*~*~ (hiding).
 16522 | Lair:1   | 16522 ||| INVOKING Berserk.
 16527 | Lair:1   | Killed Nergalle
 16651 | Lair:1   | 16651 ||| INVOKING Berserk.
 16861 | Lair:1   | 16861 ||| Stepping ~*~*~tactically~*~*~ (hiding).
 16863 | Lair:1   | Noticed Amaemon
 16869 | Lair:1   | 16869 ||| INVOKING Berserk.
 16876 | Lair:1   | Killed Amaemon
 16993 | Lair:1   | 16993 ||| DROPPING +0 flail.
 17191 | Lair:1   | 17191 ||| INVOKING Berserk.
 17514 | Lair:1   | 17514 ||| DROPPING ring of magical power.
 17515 | Lair:1   | 17515 ||| READING 2 scrolls labelled WOYMPUHEMO.
 17516 | Lair:1   | 17516 ||| DROPPING scroll of magic mapping.
 17573 | Lair:2   | Noticed a seven-headed hydra
 17574 | Lair:2   | 17574 ||| INVOKING Brothers in Arms.
 17575 | Lair:2   | 17575 ||| INVOKING Brothers in Arms.
 17576 | Lair:2   | 17576 ||| INVOKING Brothers in Arms.
 17577 | Lair:2   | 17577 ||| INVOKING Brothers in Arms.
 17578 | Lair:2   | 17578 ||| INVOKING Brothers in Arms.
 17579 | Lair:2   | 17579 ||| SWAPPING to +0 demon whip of venom.
 17580 | Lair:2   | 17580 ||| INVOKING Berserk.
 17583 | Lair:2   | Killed a seven-headed hydra
 17588 | Lair:2   | 17588 ||| SWAPPING to +1 broad axe of draining.
 17807 | Lair:2   | Reached skill level 12 in Fighting
 18105 | Lair:2   | Found a staircase to the Shoals.
 18459 | Lair:3   | Reached skill level 8 in Shields
 18460 | Lair:3   | 18460 ||| INVOKING Berserk.
 18506 | Lair:3   | 18506 ||| Stepping ~*~*~tactically~*~*~ (stealth).
 18540 | Lair:3   | Found a glowing golden altar of the Shining One.
 18562 | Lair:3   | Noticed a death yak
 18562 | Lair:3   | Noticed a death yak
 18563 | Lair:3   | 18563 ||| Stepping ~*~*~tactically~*~*~ (stealth).
 18563 | Lair:3   | Noticed a death yak
 18564 | Lair:3   | 18564 ||| Stepping ~*~*~tactically~*~*~ (stealth).
 18565 | Lair:3   | Noticed a death yak
 18566 | Lair:3   | Noticed a death yak
 18569 | Lair:3   | 18569 ||| INVOKING Berserk.
 18572 | Lair:3   | Killed a death yak
 18579 | Lair:3   | Killed a death yak
 18581 | Lair:3   | Killed a death yak
 18582 | Lair:3   | Reached XP level 13. HP: 122/122 MP: 12/12
 18729 | Lair:3   | 18729 ||| Stepping ~*~*~tactically~*~*~ (stealth).
 18730 | Lair:3   | 18730 ||| Stepping ~*~*~tactically~*~*~ (stealth).
 18732 | Lair:3   | 18732 ||| INVOKING Berserk.
 18805 | Lair:3   | 18805 ||| INVOKING Berserk.
 18870 | Lair:3   | 18870 ||| Stepping ~*~*~tactically~*~*~ (stealth).
 18871 | Lair:3   | 18871 ||| Stepping ~*~*~tactically~*~*~ (stealth).
 18928 | Lair:3   | 18928 ||| READING scroll of acquirement.
 18928 | Lair:3   | 18928 ||| ACQUIRING ring "Inunoyr" {rPois rF+ rC+ SInv
                  | Stlth+}
 18928 | Lair:3   | Acquired the ring "Inunoyr" {rPois rF+ rC+ SInv Stlth+}
 18930 | Lair:3   | 18930 ||| DROPPING ring of protection from cold.
 18940 | Lair:3   | Found a staircase to the Snake Pit.
 18941 | Lair:3   | 18941 ||| Stepping ~*~*~tactically~*~*~ (hiding).
 18949 | Lair:3   | 18949 ||| Stepping ~*~*~tactically~*~*~ (hiding).
 19072 | Lair:3   | 19072 ||| Stepping ~*~*~tactically~*~*~ (stealth).
 19073 | Lair:3   | 19073 ||| Stepping ~*~*~tactically~*~*~ (stealth).
 19085 | Lair:3   | 19085 ||| Stepping ~*~*~tactically~*~*~ (stealth).
 19088 | Lair:3   | 19088 ||| Stepping ~*~*~tactically~*~*~ (stealth).
 19222 | Lair:3   | 19222 ||| Stepping ~*~*~tactically~*~*~ (hiding).
 19228 | Lair:3   | Reached skill level 6 in Throwing
 19278 | Lair:3   | 19278 ||| INVOKING Brothers in Arms.
 19279 | Lair:3   | 19279 ||| INVOKING Brothers in Arms.
 19280 | Lair:3   | 19280 ||| SWAPPING to +0 demon whip of venom.
 19281 | Lair:3   | 19281 ||| INVOKING Berserk.
 19410 | Lair:3   | 19410 ||| SWAPPING to +1 broad axe of draining.
 19755 | Lair:3   | 19755 ||| UPGRADING to ring "Inunoyr" {rPois rF+ rC+ SInv
                  | Stlth+}.
 19757 | Lair:3   | 19757 ||| REMOVING ring of poison resistance.
 19758 | Lair:3   | 19758 ||| UPGRADING to +6 ring of dexterity.
 19759 | Lair:3   | 19759 ||| READING scroll labelled HESCHO BECVYMUE.
 19760 | Lair:3   | 19760 ||| READING 6 scrolls of identify.
 19760 | Lair:3   | 19760 ||| IDENTIFYING sapphire potion
 19761 | Lair:3   | 19761 ||| READING 5 scrolls of identify.
 19761 | Lair:3   | 19761 ||| IDENTIFYING golden potion
 19762 | Lair:3   | 19762 ||| DROPPING potion of ambrosia.
 19763 | Lair:3   | 19763 ||| DROPPING potion of attraction.
 19815 | Lair:4   | 19815 ||| INVOKING Berserk.
 19839 | Lair:4   | Reached skill level 6 in Dodging
 19869 | Lair:4   | 19869 ||| FLEEEEING.
 19870 | Lair:4   | 19870 ||| FLEEEEING.
 19871 | Lair:4   | 19871 ||| FLEEEEING.
 20042 | Lair:4   | 20042 ||| INVOKING Brothers in Arms.
 20044 | Lair:4   | 20044 ||| INVOKING Brothers in Arms.
 20045 | Lair:4   | 20045 ||| INVOKING Brothers in Arms.
 20047 | Lair:4   | 20047 ||| INVOKING Brothers in Arms.
 20048 | Lair:4   | 20048 ||| INVOKING Brothers in Arms.
 20051 | Lair:4   | 20051 ||| INVOKING Brothers in Arms.
 20053 | Lair:4   | 20053 ||| SWAPPING to +0 demon whip of venom.
 20057 | Lair:4   | 20057 ||| SWAPPING to +1 broad axe of draining.
 20115 | Lair:4   | 20115 ||| Stepping ~*~*~tactically~*~*~ (stealth).
 20117 | Lair:4   | 20117 ||| Stepping ~*~*~tactically~*~*~ (stealth).
 20129 | Lair:4   | Reached skill level 9 in Shields
 20369 | Lair:4   | Found a staircase to the Slime Pits.
 20375 | Lair:4   | 20375 ||| INVOKING Berserk.
 20390 | Lair:4   | 20390 ||| Stepping ~*~*~tactically~*~*~ (stealth).
 20397 | Lair:4   | 20397 ||| Stepping ~*~*~tactically~*~*~ (stealth).
 20471 | Lair:4   | 20471 ||| INVOKING Berserk.
 20487 | Lair:4   | 20487 ||| Stepping ~*~*~tactically~*~*~ (stealth).
 20711 | Lair:4   | 20711 ||| UPGRADING to +0 cloak.
 20716 | Lair:4   | 20716 ||| UPGRADING to +0 pair of boots.
 20726 | Lair:5   | Entered Level 5 of the Lair of Beasts
 20726 | Lair:5   | Noticed Snorg
 20727 | Lair:5   | 20727 ||| STAIRDANCE
 20753 | Lair:5   | 20753 ||| INVOKING Berserk.
 20758 | Lair:5   | Killed Snorg
 20759 | Lair:5   | 20759 ||| STAIRDANCE
 20854 | Lair:5   | 20854 ||| Stepping ~*~*~tactically~*~*~ (stealth).
 20856 | Lair:5   | 20856 ||| Stepping ~*~*~tactically~*~*~ (stealth).
 20859 | Lair:5   | 20859 ||| INVOKING Berserk.
 20867 | Lair:5   | 20867 ||| FLEEEEING.
 20868 | Lair:5   | 20868 ||| FLEEEEING.
 20869 | Lair:5   | 20869 ||| FLEEEEING.
 20870 | Lair:5   | 20870 ||| STAIRDANCE
 20972 | Lair:4   | 20972 ||| DROPPING ring of protection from cold.
 20973 | Lair:4   | 20973 ||| UPGRADING to +4 ring of evasion.
 20977 | Lair:5   | 20977 ||| INVOKING Berserk.
 20992 | Lair:5   | 20992 ||| STAIRDANCE
 21096 | Lair:5   | Found a large runed translucent door.
 21097 | Lair:5   | Found a large runed translucent door.
 21116 | Lair:5   | 21116 ||| Stepping ~*~*~tactically~*~*~ (hiding).
 21235 | Lair:5   | 21235 ||| INVOKING Berserk.
 21359 | Lair:5   | Reached skill level 12 in Armour
 21515 | Lair:5   | 21515 ||| Stepping ~*~*~tactically~*~*~ (stealth).
 21522 | Lair:5   | 21522 ||| Stepping ~*~*~tactically~*~*~ (stealth).
 21539 | Lair:5   | 21539 ||| Stepping ~*~*~tactically~*~*~ (stealth).
 21615 | Lair:5   | 21615 ||| INVOKING Berserk.
 21665 | Lair:5   | 21665 ||| Stepping ~*~*~tactically~*~*~ (stealth).
 21668 | Lair:5   | 21668 ||| Stepping ~*~*~tactically~*~*~ (stealth).
 21679 | Lair:5   | 21679 ||| INVOKING Berserk.
 21742 | Lair:5   | 21742 ||| Stepping ~*~*~tactically~*~*~ (hiding).
 21746 | Lair:5   | 21746 ||| INVOKING Brothers in Arms.
 21747 | Lair:5   | 21747 ||| SWAPPING to +0 demon whip of venom.
 21748 | Lair:5   | 21748 ||| INVOKING Berserk.
 21765 | Lair:5   | 21765 ||| SWAPPING to +1 broad axe of draining.
 22052 | Lair:5   | 22052 ||| Stepping ~*~*~tactically~*~*~ (hiding).
 22055 | Lair:5   | 22055 ||| INVOKING Trog's Hand.
 22066 | Lair:5   | Found a burning altar of Makhleb.
 22067 | Lair:5   | 22067 ||| Stepping ~*~*~tactically~*~*~ (hiding).
 22069 | Lair:5   | 22069 ||| Stepping ~*~*~tactically~*~*~ (hiding).
 22083 | Lair:5   | 22083 ||| Stepping ~*~*~tactically~*~*~ (hiding).
 22097 | Lair:5   | Reached XP level 14. HP: 100/133 MP: 13/13
 22097 | Lair:5   | 22097 ||| INVOKING Berserk.
 22195 | Lair:5   | Found a gateway to Hell.
 22333 | Lair:5   | 22333 ||| FLEEEEING.
 22334 | Lair:5   | 22334 ||| FLEEEEING.
 22335 | Lair:5   | 22335 ||| SWAPPING to +0 demon whip of venom.
 22336 | Lair:5   | 22336 ||| INVOKING Berserk.
 22438 | Lair:5   | 22438 ||| SWAPPING to +1 broad axe of draining.
 22531 | Lair:5   | 22531 ||| Stepping ~*~*~tactically~*~*~ (stealth).
 22539 | Lair:5   | Reached skill level 15 in Fighting
 22574 | Lair:5   | Noticed qw's ghost (journeyman TrCA)
 22817 | Lair:5   | 22817 ||| INVOKING Brothers in Arms.
 22818 | Lair:5   | 22818 ||| INVOKING Brothers in Arms.
 22819 | Lair:5   | 22819 ||| INVOKING Brothers in Arms.
 22820 | Lair:5   | 22820 ||| INVOKING Brothers in Arms.
 22821 | Lair:5   | 22821 ||| SWAPPING to +0 demon whip of venom.
 22822 | Lair:5   | 22822 ||| INVOKING Berserk.
 22848 | Lair:5   | 22848 ||| SWAPPING to +1 broad axe of draining.
 23088 | Lair:5   | 23088 ||| PLANNING D
 23088 | Lair:5   | 23088 ||| DROPPING ring of positive energy.
 23457 | D:12     | 23457 ||| Stepping ~*~*~tactically~*~*~ (hiding).
 23582 | D:12     | 23582 ||| FLEEEEING.
 23583 | D:12     | 23583 ||| FLEEEEING.
 23584 | D:12     | 23584 ||| FLEEEEING.
 23585 | D:12     | 23585 ||| FLEEEEING.
 23586 | D:12     | 23586 ||| FLEEEEING.
 23587 | D:12     | 23587 ||| FLEEEEING.
 23588 | D:12     | 23588 ||| FLEEEEING.
 23589 | D:12     | 23589 ||| FLEEEEING.
 23590 | D:12     | 23590 ||| FLEEEEING.
 23607 | D:12     | 23607 ||| FLEEEEING.
 23659 | D:12     | 23659 ||| SWAPPING to +0 demon whip of venom.
 23660 | D:12     | 23660 ||| INVOKING Berserk.
 23668 | D:12     | 23668 ||| SWAPPING to +1 broad axe of draining.
 24295 | D:13     | 24295 ||| Stepping ~*~*~tactically~*~*~ (stealth).
 24296 | D:13     | 24296 ||| Stepping ~*~*~tactically~*~*~ (stealth).
 24391 | D:13     | 24391 ||| Stepping ~*~*~tactically~*~*~ (cloud).
 24478 | D:13     | 24478 ||| Stepping ~*~*~tactically~*~*~ (stealth).
 24479 | D:13     | 24479 ||| Stepping ~*~*~tactically~*~*~ (stealth).
 24521 | D:13     | 24521 ||| Stepping ~*~*~tactically~*~*~ (hiding).
 24636 | D:13     | 24636 ||| Stepping ~*~*~tactically~*~*~ (stealth).
 24638 | D:13     | 24638 ||| Stepping ~*~*~tactically~*~*~ (stealth).
 24688 | D:13     | 24688 ||| Stepping ~*~*~tactically~*~*~ (hiding).
 24689 | D:13     | 24689 ||| Stepping ~*~*~tactically~*~*~ (hiding).
 24847 | D:13     | 24847 ||| READING scroll of enchant armour.
 24847 | D:13     | 24847 ||| ENCHANTING +1 hat of stealth.
 24929 | D:13     | 24929 ||| INVOKING Berserk.
 25153 | D:13     | 25153 ||| Stepping ~*~*~tactically~*~*~ (stealth).
 25454 | D:13     | 25454 ||| DRINKING 2 bubbling brown potions.
 25455 | D:13     | 25455 ||| DROPPING potion of magic.
 25463 | D:14     | Identified the +1 leather armour of Undesirable Species
                  | {+Inv rPois rF+}
 25483 | D:14     | 25483 ||| Stepping ~*~*~tactically~*~*~ (stealth).
 25486 | D:14     | 25486 ||| Stepping ~*~*~tactically~*~*~ (stealth).
 25489 | D:14     | 25489 ||| Stepping ~*~*~tactically~*~*~ (stealth).
 25509 | D:14     | 25509 ||| INVOKING Berserk.
 25513 | D:14     | Reached skill level 10 in Shields
 26002 | D:14     | 26002 ||| Stepping ~*~*~tactically~*~*~ (stealth).
 26004 | D:14     | 26004 ||| Stepping ~*~*~tactically~*~*~ (stealth).
 26006 | D:14     | 26006 ||| Stepping ~*~*~tactically~*~*~ (stealth).
 26008 | D:14     | 26008 ||| INVOKING Berserk.
 26054 | D:14     | 26054 ||| INVOKING Berserk.
 26061 | D:14     | HP: 42/205 [tengu warrior/+3 battleaxe (18)]
 26391 | D:14     | Found a gate to the Vaults.
 26475 | D:14     | 26475 ||| Stepping ~*~*~tactically~*~*~ (stealth).
 26476 | D:14     | 26476 ||| Stepping ~*~*~tactically~*~*~ (stealth).
 26827 | D:14     | 26827 ||| UPGRADING to +0 tower shield.
 26837 | D:14     | 26837 ||| DROPPING +0 buckler.
 26883 | D:15     | Entered Level 15 of the Dungeon
 26943 | D:15     | 26943 ||| READING scroll of enchant weapon.
 26943 | D:15     | 26943 ||| ENCHANTING +1 broad axe of draining.
 26963 | D:15     | Found a staircase to the Depths.
 26963 | D:15     | Noticed a fire giant
 26972 | D:15     | Killed a fire giant
 27137 | D:15     | 27137 ||| Stepping ~*~*~tactically~*~*~ (hiding).
 27139 | D:15     | 27139 ||| Stepping ~*~*~tactically~*~*~ (hiding).
 27146 | D:15     | 27146 ||| INVOKING Berserk.
 27150 | D:15     | Reached skill level 11 in Shields
 27202 | D:15     | Found a radiant altar of Vehumet.
 27224 | D:15     | Found a broken altar of Ashenzari.
 27226 | D:15     | 27226 ||| Stepping ~*~*~tactically~*~*~ (hiding).
 27230 | D:15     | 27230 ||| INVOKING Berserk.
 27540 | D:15     | 27540 ||| Stepping ~*~*~tactically~*~*~ (hiding).
 27671 | D:15     | 27671 ||| FLEEEEING.
 27672 | D:15     | 27672 ||| FLEEEEING.
 27673 | D:15     | 27673 ||| FLEEEEING.
 27674 | D:15     | 27674 ||| FLEEEEING.
 27675 | D:15     | 27675 ||| FLEEEEING.
 27676 | D:15     | 27676 ||| FLEEEEING.
 27677 | D:15     | 27677 ||| FLEEEEING.
 27691 | D:15     | Reached skill level 12 in Shields
 27692 | D:15     | Reached XP level 15. HP: 91/144 MP: 14/14
 27933 | D:15     | 27933 ||| Stepping ~*~*~tactically~*~*~ (cloud).
 27941 | D:15     | 27941 ||| Stepping ~*~*~tactically~*~*~ (cloud).
 27942 | D:15     | Reached ***** piety under Trog
 28265 | D:15     | 28265 ||| PLANNING ORC
 28391 | Orc:1    | Entered Level 1 of the Orcish Mines
 28550 | Orc:1    | Found Ohoynuno's Magic Scroll Emporium.
 28551 | Orc:1    | Found Osehiuw's Specific Store.
 28553 | Orc:1    | 28553 ||| BUYING scroll of identify (24 gold).
 28553 | Orc:1    | Bought a scroll of identify for 24 gold pieces
 28553 | Orc:1    | 28553 ||| BUYING scroll of teleportation (36 gold).
 28553 | Orc:1    | Bought a scroll of teleportation for 36 gold pieces
 28553 | Orc:1    | 28553 ||| BUYING scroll of teleportation (36 gold).
 28553 | Orc:1    | Bought a scroll of teleportation for 36 gold pieces
 28554 | Orc:1    | Found Xankeah's General Store.
 28563 | Orc:1    | 28563 ||| BUYING scroll of enchant weapon (97 gold).
 28563 | Orc:1    | Bought a scroll of enchant weapon for 97 gold pieces
 28563 | Orc:1    | 28563 ||| READING scroll of enchant weapon.
 28563 | Orc:1    | 28563 ||| ENCHANTING +2 broad axe of draining.
 28683 | Orc:2    | Entered Level 2 of the Orcish Mines
 28693 | Orc:2    | Found a transporter.
 28721 | Orc:2    | Noticed Maurice
 28737 | Orc:2    | Killed Maurice
 28758 | Orc:2    | 28758 ||| FLEEEEING.
 28759 | Orc:2    | 28759 ||| FLEEEEING.
 28760 | Orc:2    | 28760 ||| FLEEEEING.
 28764 | Orc:2    | 28764 ||| STAIRDANCE
 28821 | Orc:2    | 28821 ||| Stepping ~*~*~tactically~*~*~ (stealth).
 28828 | Orc:2    | Found Ruehyppu's Overcharged Wands.
 28830 | Orc:2    | 28830 ||| Stepping ~*~*~tactically~*~*~ (hiding).
 28833 | Orc:2    | 28833 ||| INVOKING Berserk.
 28842 | Orc:2    | Reached skill level 13 in Shields
 28842 | Orc:2    | Received a gift from Trog
 28853 | Orc:2    | 28853 ||| INVOKING Brothers in Arms.
 28868 | Orc:2    | Found Cathru Jahibu's Magic Scroll Shoppe.
 28868 | Orc:2    | Found Eschaawoo's Armour Shoppe.
 28869 | Orc:2    | Found Lecwan's Jewellery Emporium.
 28872 | Orc:2    | 28872 ||| INVOKING Brothers in Arms.
 28881 | Orc:2    | Noticed Sonja
 28883 | Orc:2    | 28883 ||| INVOKING Trog's Hand.
 28884 | Orc:2    | 28884 ||| INVOKING Berserk.
 28888 | Orc:2    | Found Botwaoz's Distillery.
 28893 | Orc:2    | HP: 51/214 [Sonja/+0 dagger of distortion (20)]
 28894 | Orc:2    | Killed Sonja
 29032 | Orc:2    | 29032 ||| FLEEEEING.
 29240 | Orc:2    | 29240 ||| BUYING ring of Ruitty {rN+ rCorr EV+4 Dex-5} (634
                  | gold).
 29240 | Orc:2    | Bought the ring of Ruitty {rN+ rCorr EV+4 Dex-5} for 634
                  | gold pieces
 29240 | Orc:2    | 29240 ||| BUYING ring of fire (375 gold).
 29240 | Orc:2    | Bought a ring of fire for 375 gold pieces
 29240 | Orc:2    | 29240 ||| BUYING ring of protection from fire (375 gold).
 29240 | Orc:2    | Bought a ring of protection from fire for 375 gold pieces
 29241 | Orc:2    | 29241 ||| BUYING potion of curing (51 gold).
 29241 | Orc:2    | Bought a potion of curing for 51 gold pieces
 29241 | Orc:2    | 29241 ||| BUYING potion of heal wounds (85 gold).
 29241 | Orc:2    | Bought a potion of heal wounds for 85 gold pieces
 29286 | Orc:2    | 29286 ||| INVOKING Berserk.
 29429 | Orc:2    | Found a staircase to the Elven Halls.
 29609 | Orc:2    | Noticed qw's ghost (journeyman MiBe)
 29695 | Orc:2    | Found a transporter.
 29797 | Orc:2    | 29797 ||| DROPPING ring of fire.
 29898 | Orc:1    | 29898 ||| Stepping ~*~*~tactically~*~*~ (hiding).
 30101 | Orc:1    | Reached skill level 14 in Shields
 30155 | Orc:1    | 30155 ||| PLANNING SHOALS:1-3
 30323 | Shoals:1 | Entered Level 1 of the Shoals
 30393 | Shoals:1 | 30393 ||| Stepping ~*~*~tactically~*~*~ (stealth).
 30580 | Shoals:1 | 30580 ||| Stepping ~*~*~tactically~*~*~ (hiding).
 30785 | Shoals:1 | Reached skill level 15 in Shields
 30786 | Shoals:1 | 30786 ||| INVOKING Berserk.
 30829 | Shoals:1 | 30829 ||| INVOKING Brothers in Arms.
 31427 | Shoals:1 | 31427 ||| Stepping ~*~*~tactically~*~*~ (hiding).
 31533 | Shoals:2 | 31533 ||| INVOKING Berserk.
 31537 | Shoals:2 | 31537 ||| INVOKING Brothers in Arms.
 31544 | Shoals:2 | HP: 33/144 [merfolk impaler/+0 demon trident (8)]
 31545 | Shoals:2 | 31545 ||| READING 10 scrolls of teleportation.
 31546 | Shoals:2 | 31546 ||| DRINKING 9 potions of heal wounds.
 31585 | Shoals:2 | 31585 ||| Stepping ~*~*~tactically~*~*~ (water).
 31587 | Shoals:2 | 31587 ||| INVOKING Berserk.
 31940 | Shoals:2 | Found a frozen archway.
 31941 | Shoals:2 | 31941 ||| INVOKING Brothers in Arms.
 31944 | Shoals:2 | 31944 ||| INVOKING Berserk.
 32133 | Shoals:2 | 32133 ||| INVOKING Trog's Hand.
 32145 | Shoals:2 | Reached skill level 16 in Shields
 32146 | Shoals:2 | 32146 ||| INVOKING Trog's Hand.
 32472 | Shoals:2 | 32472 ||| Stepping ~*~*~tactically~*~*~ (water).
 32561 | Shoals:2 | 32561 ||| INVOKING Berserk.
 32730 | Shoals:2 | Noticed Polyphemus
 32733 | Shoals:2 | 32733 ||| INVOKING Berserk.
 32746 | Shoals:2 | Killed Polyphemus
 32747 | Shoals:2 | Reached skill level 17 in Shields
 32962 | Shoals:2 | 32962 ||| INVOKING Trog's Hand.
 32965 | Shoals:2 | 32965 ||| Stepping ~*~*~tactically~*~*~ (water).
 32966 | Shoals:2 | 32966 ||| FLEEEEING.
 32968 | Shoals:2 | 32968 ||| INVOKING Berserk.
 33289 | Shoals:3 | 33289 ||| INVOKING Trog's Hand.
 33290 | Shoals:3 | 33290 ||| Stepping randomly (cloudy).
 33291 | Shoals:3 | Found a runed translucent door.
 33296 | Shoals:3 | 33296 ||| Stepping ~*~*~tactically~*~*~ (hiding).
 33297 | Shoals:3 | 33297 ||| Stepping ~*~*~tactically~*~*~ (hiding).
 33306 | Shoals:3 | 33306 ||| INVOKING Trog's Hand.
 33338 | Shoals:3 | Noticed a kraken
 33343 | Shoals:3 | 33343 ||| Stepping ~*~*~tactically~*~*~ (water).
 33359 | Shoals:3 | 33359 ||| FLEEEEING.
 33360 | Shoals:3 | 33360 ||| FLEEEEING.
 33361 | Shoals:3 | 33361 ||| FLEEEEING.
 33362 | Shoals:3 | 33362 ||| FLEEEEING.
 33365 | Shoals:3 | Killed a kraken
 33490 | Shoals:3 | 33490 ||| Stepping ~*~*~tactically~*~*~ (cloud).
 33493 | Shoals:3 | 33493 ||| Stepping randomly (cloudy).
 33494 | Shoals:3 | 33494 ||| Stepping ~*~*~tactically~*~*~ (cloud).
 33500 | Shoals:3 | 33500 ||| Stepping ~*~*~tactically~*~*~ (cloud).
 33617 | Shoals:3 | 33617 ||| Stepping ~*~*~tactically~*~*~ (cloud).
 33618 | Shoals:3 | 33618 ||| Stepping randomly (cloudy).
 33621 | Shoals:3 | 33621 ||| FLEEEEING.
 33624 | Shoals:3 | 33624 ||| Stepping randomly (cloudy).
 33625 | Shoals:3 | 33625 ||| Stepping ~*~*~tactically~*~*~ (cloud).
 33633 | Shoals:3 | Reached XP level 16. HP: 139/151 MP: 15/15
 33679 | Shoals:3 | 33679 ||| INVOKING Trog's Hand.
 33682 | Shoals:3 | 33682 ||| Stepping ~*~*~tactically~*~*~ (water).
 33685 | Shoals:3 | 33685 ||| Stepping ~*~*~tactically~*~*~ (water).
 33689 | Shoals:3 | Reached skill level 18 in Shields
 33745 | Shoals:3 | 33745 ||| INVOKING Berserk.
 33982 | Shoals:3 | 33982 ||| Stepping ~*~*~tactically~*~*~ (hiding).
 34053 | Shoals:3 | Found Manlam's Assorted Antiques.
 34107 | Shoals:3 | 34107 ||| BUYING 2 scrolls of teleportation (156 gold).
 34107 | Shoals:3 | Bought 2 scrolls of teleportation for 156 gold pieces
 34107 | Shoals:3 | 34107 ||| BUYING potion of haste (260 gold).
 34107 | Shoals:3 | Bought a potion of haste for 260 gold pieces
 34188 | Shoals:3 | Found a corrupted altar of Lugonu.
 34188 | Shoals:3 | Found a one-way gate to the infinite horrors of the Abyss.
 34189 | Shoals:3 | 34189 ||| PLANNING SNAKE:1-3
 34268 | Snake:1  | Entered Level 1 of the Snake Pit
 34483 | Snake:1  | 34483 ||| Stepping ~*~*~tactically~*~*~ (hiding).
 34486 | Snake:1  | 34486 ||| INVOKING Berserk.
 34840 | Snake:1  | 34840 ||| Stepping ~*~*~tactically~*~*~ (stealth).
 34988 | Snake:1  | 34988 ||| Stepping ~*~*~tactically~*~*~ (hiding).
 35019 | Snake:1  | Identified the +2 scale mail of Entitlement {Int+2}
 35049 | Snake:1  | 35049 ||| UPGRADING to scarf of resistance.
 35119 | Snake:2  | Reached skill level 19 in Shields
 35120 | Snake:2  | 35120 ||| INVOKING Berserk.
 35598 | Snake:2  | 35598 ||| Stepping ~*~*~tactically~*~*~ (hiding).
 35616 | Snake:2  | 35616 ||| INVOKING Berserk.
 35991 | Snake:2  | Identified the +1 robe of Poor Excuses {Regen+ Int+8 Dex+4
                  | SInv}
 36045 | Snake:2  | Reached skill level 15 in Armour
 36500 | Snake:3  | 36500 ||| FLEEEEING.
 36503 | Snake:3  | 36503 ||| STAIRDANCE
 36559 | Snake:3  | 36559 ||| Stepping ~*~*~tactically~*~*~ (hiding).
 36575 | Snake:3  | 36575 ||| INVOKING Berserk.
 36590 | Snake:3  | 36590 ||| INVOKING Brothers in Arms.
 36593 | Snake:3  | HP: 36/155 [constriction (3)]
 36594 | Snake:3  | 36594 ||| READING 14 scrolls of teleportation.
 36595 | Snake:3  | 36595 ||| DRINKING 9 potions of heal wounds.
 36603 | Snake:3  | 36603 ||| FLEEEEING.
 36620 | Snake:3  | 36620 ||| INVOKING Brothers in Arms.
 36931 | Snake:3  | 36931 ||| INVOKING Berserk.
 36940 | Snake:3  | Reached skill level 18 in Fighting
 36955 | Snake:3  | 36955 ||| INVOKING Brothers in Arms.
 37491 | Snake:3  | 37491 ||| PLANNING SHOALS:4
 37658 | Shoals:4 | Entered Level 4 of the Shoals
 37760 | Shoals:4 | 37760 ||| INVOKING Berserk.
 37771 | Shoals:4 | 37771 ||| INVOKING Trog's Hand.
 37772 | Shoals:4 | 37772 ||| INVOKING Brothers in Arms.
 37783 | Shoals:4 | HP: 39/157 [satyr/arrow (7)]
 37784 | Shoals:4 | 37784 ||| READING 13 scrolls of teleportation.
 37784 | Shoals:4 | HP: 19/157 [cyclops (16)]
 37785 | Shoals:4 | 37785 ||| DRINKING 8 potions of heal wounds.
 37786 | Shoals:4 | 37786 ||| DRINKING 7 potions of heal wounds.
 37787 | Shoals:4 | 37787 ||| INVOKING Brothers in Arms.
 37788 | Shoals:4 | 37788 ||| READING 12 scrolls of teleportation.
 37789 | Shoals:4 | 37789 ||| DRINKING 6 potions of heal wounds.
 37790 | Shoals:4 | HP: 35/157 [merfolk javelineer/silver javelin (9)]
 37791 | Shoals:4 | 37791 ||| READING 11 scrolls of teleportation.
 37792 | Shoals:4 | 37792 ||| DRINKING 5 potions of heal wounds.
 37794 | Shoals:4 | 37794 ||| DRINKING 4 potions of heal wounds.
 37798 | Shoals:4 | 37798 ||| Stepping ~*~*~tactically~*~*~ (water).
 37799 | Shoals:4 | 37799 ||| Stepping ~*~*~tactically~*~*~ (water).
 37800 | Shoals:4 | 37800 ||| INVOKING Trog's Hand.
 37800 | Shoals:4 | HP: 33/157 [drowned by a water nymph (10)]
 37801 | Shoals:4 | 37801 ||| READING 10 scrolls of teleportation.
 37801 | Shoals:4 | HP: 9/157 [drowned by a water nymph (13)]
 37801 | Shoals:4 | Mangled by a merfolk impaler

Levels and vault maps discovered:
D:1:      elethiomel_arrival_maze, layout_basic, serial_bayou,
          serial_bayou_pond_d, serial_bayou_ford_a, serial_bayou_pond_d,
          serial_bayou_pond_c
D:2:      layout_loops_cross, minmay_misc_feat_diagonals, serial_bayou_lake_a
D:3:      layout_loops_corners, tso_oasis_becter
D:4:      layout_cave_pools, chequers_decorated_corner
D:5:      layout_basic, minmay_temple_entry_overgrown, nicolae_grassy_gnolls,
          uniq_pikel, uniq_eustachio
D:6:      layout_basic
D:7:      minmay_cornered_nines, layout_loops_cross,
          nicolae_overflow_hallway_of_the_gods
D:8:      layout_gridville, uniq_maggie
D:9:      lemuel_ice_statue, layout_loops_ring, mainiacjoe_overflow_24_doors,
          kennysheep_opposing_triangles, uniq_prince_ribbit1, uniq_erica
D:10:     layout_roguey, serial_shops, nicolae_shop_overgrown_old_shop,
          serial_demonic, serial_demonic_d, serial_demonic_g, serial_demonic_e,
          serial_demonic_f, minmay_variable_closet
D:11:     layout_roguey, david_lair_shrubbed, orc_0_dummy, serial_shops,
          nicolae_diamond_shop, dreamdust_gnoll_shepherd
D:12:     layout_grid_maze, hangedman_abyss_or_decor_stagger
D:13:     layout_basic, nicolae_figureground_pulse
D:14:     layout_stronghold, lightli_vaults_fourway_checkpoint
D:15:     grunt_enter_depths_giant_problem, layout_irregular_city,
          ashenzari_conservatory_becter, vehumet_altar_wand_db
Lair:1:   layout_small_grid, beast_lair_carwin_10, uniq_amaemon, uniq_nergalle
Lair:2:   layout_regular_city, elwin_shoals_entry_rocks,
          chequers_serial_rivers_small_b, lemuel_fruit_tree
Lair:3:   layout_roguey, guppyfry_snake_entry_garden, basic_altar, minivault_24,
          lemuel_fruit_fields, grunt_megastairs_5
Lair:4:   layout_concentric_octagons, minmay_slime_entry_oklob_open,
          serial_bayou_shore_b
Lair:5:   evil_forest, layout_hall_layers, ebering_ghost_disaster_area,
          serial_bayou_shore_a, uniq_snorg
Shoals:1: layout_shoals
Shoals:2: layout_shoals, portal_ice_cave_entry_ice_statue_one,
          nicolae_shoals_lost_giant_baths, uniq_polyphemus
Shoals:3: layout_shoals, serial_shops, nicolae_shop_statue_plus,
          nicolae_shoals_abyss_on_the_beach
Shoals:4: shoals_end_grunt_garden, layout_shoals, serial_shops, shop
Snake:1:  layout_rooms, grunt_megastairs_1
Snake:2:  layout_cave_pods, minmay_snake_pond
Snake:3:  layout_rooms
Orc:1:    layout_caves, serial_shops, nicolae_shop_trees,
          nicolae_specific_store, mines2_david
Orc:2:    st_orc_mages, layout_caves, gammafunk_ghost_berserking_beasts,
          basic_altar, nicolae_shop_overcharged_wands, uniq_sonja, uniq_maurice

Skill      XL: |  1  2  3  4  5  6  7  8  9 10 11 12 13 14 15 16 |
---------------+-------------------------------------------------+-----
Axes           | 4 5 6 7 9 10 12 13 15 17 18 | 18.0
Fighting       | 4 5 6 7 9 10 13 14 16 18 | 18.0
Armour         | 3 5 7 8 10 13 14 15 | 15.2
Throwing       | 2 4 5 6 7 |  7.1
Shields        | 5 6 8 9 12 17 19 | 19.9
Dodging        | 3 4 7 |  7.0

Action                   |  1- 3 |  4- 6 |  7- 9 | 10-12 | 13-15 | 16-18 || total
-------------------------+-------+-------+-------+-------+-------+-------++-------
Melee: Hand axe          |    84 |     9 |       |       |       |       ||    93
       Headbutt          |    12 |    16 |    23 |   100 |   199 |    41 ||   391
       Punch             |     2 |     1 |     3 |       |       |       ||     6
       War axe           |       |   125 |   171 |   158 |       |       ||   454
       Broad axe         |       |       |       |   281 |   969 |   310 ||  1560
       Demon whip        |       |       |       |     3 |    25 |       ||    28
Throw: Javelin           |       |       |    22 |   105 |    75 |       ||   202
       Boomerang         |       |       |       |     8 |    96 |    22 ||   126
Invok: Berserk           |     1 |     6 |     9 |    25 |    33 |     7 ||    81
       Brothers in Arms  |       |       |       |     3 |     9 |     5 ||    17
       Trog's Hand       |       |       |       |       |     7 |     3 ||    10
  Use: Scroll            |     1 |    10 |     2 |    15 |     8 |     5 ||    41
       Potion            |     1 |     2 |       |     6 |     2 |     6 ||    17
 Stab: Invisible         |     1 |       |       |       |       |       ||     1
       Distracted        |       |       |       |       |     1 |       ||     1
Armor: Animal skin       |    11 |       |       |       |       |       ||    11
       Plate armour      |    14 |    65 |    63 |   157 |   427 |   114 ||   840
Dodge: Dodged            |    40 |    33 |    43 |   124 |   432 |   143 ||   815
Block: Buckler           |       |       |     3 |    55 |   100 |       ||   158
       Tower shield      |       |       |       |       |   421 |   399 ||   820

Table legend:
 A = Non-vault XP
 B = Vault XP
 C = Vault XP percentage of total XP
 D = Non-vault monster count
 E = Vault monster count
 F = Vault count percentage of total count
                 A         B        C        D         E       F
            +---------+---------+-------+---------+---------+-------
      Total |  156968 |   51323 |  24.6 |     614 |     156 |  20.3
            +---------+---------+-------+---------+---------+-------
        D:1 |      41 |       0 |   0.0 |      26 |       0 |   0.0
        D:2 |     163 |       0 |   0.0 |      28 |       0 |   0.0
        D:3 |     113 |       0 |   0.0 |      19 |       0 |   0.0
        D:4 |     400 |       0 |   0.0 |      19 |       0 |   0.0
        D:5 |     478 |     973 |  67.1 |      13 |       9 |  40.9
        D:6 |    1339 |       0 |   0.0 |      20 |       0 |   0.0
        D:7 |     931 |    1480 |  61.4 |      24 |       3 |  11.1
        D:8 |    1741 |     404 |  18.8 |      38 |       1 |   2.6
        D:9 |    2950 |    1559 |  34.6 |      14 |       6 |  30.0
       D:10 |    3112 |    1652 |  34.7 |      24 |       6 |  20.0
       D:11 |    3067 |     890 |  22.5 |      19 |       4 |  17.4
       D:12 |    3952 |       0 |   0.0 |      12 |       0 |   0.0
       D:13 |    5543 |       0 |   0.0 |      19 |       0 |   0.0
       D:14 |    7360 |    6628 |  47.4 |      13 |      12 |  48.0
       D:15 |   12073 |    1294 |   9.7 |      23 |       2 |   8.0
     Lair:1 |    4201 |    4714 |  52.9 |      17 |      10 |  37.0
     Lair:2 |    3605 |       0 |   0.0 |      15 |       0 |   0.0
     Lair:3 |   11197 |     489 |   4.2 |      25 |       3 |  10.7
     Lair:4 |    6387 |     572 |   8.2 |      25 |       1 |   3.8
     Lair:5 |    6408 |   10063 |  61.1 |      23 |      27 |  54.0
   Shoals:1 |   10768 |       0 |   0.0 |      24 |       0 |   0.0
   Shoals:2 |   13131 |    4358 |  24.9 |      24 |       5 |  17.2
   Shoals:3 |   11758 |    1406 |  10.7 |      20 |       3 |  13.0
   Shoals:4 |    2605 |    2670 |  50.6 |       8 |       5 |  38.5
    Snake:1 |    6867 |    1273 |  15.6 |      13 |       2 |  13.3
    Snake:2 |   13537 |    3943 |  22.6 |      25 |       5 |  16.7
    Snake:3 |   19469 |       0 |   0.0 |      42 |       0 |   0.0
      Orc:1 |    1086 |      15 |   1.4 |      15 |       5 |  25.0
      Orc:2 |    2686 |    6940 |  72.1 |      27 |      47 |  63.5
            +---------+---------+-------+---------+---------+-------
